BSA
KALAMAZOO ROYALE WITH CHEESE @ NASHVILLE G-STRINGS
08/27/2027
 
TOP OF THE 1ST
Kalamazoo Royale with Cheese batting - Pitching for Madison Bombers : LHP Matt Parker
Pitching: LHP Matt Parker
Batting: RHB Pedro Rosado 0-0: SINGLE (Flyball, 89S)
Batting: RHB Oliver Lugo 0-0: Ball
1-0: Ball
2-0: Bunt missed!
2-1: Bunted foul
2-2: Strikes out swinging
Batting: RHB Andy Aiton 0-0: Fly out, F3 (Popup, 3L)
Batting: LHB Robinson Fernández 0-0: Ball
1-0: Foul Ball, location: 2F
1-1: Ball
2-1: Called Strike
2-2: Fly out, F8 (Line Drive, 8LM)
Top of the 1st over - 0 run(s), 1 hit(s), 0 error(s), 1 left on base; Kalamazoo 0 - Madison 0
BOTTOM OF THE 1ST
Madison Bombers batting - Pitching for Kalamazoo Royale with Cheese : RHP Jason Taylor
Pitching: RHP Jason Taylor
Batting: SHB Ricardo Arévalo 0-0: Swinging Strike
0-1: Ball
1-1: Swinging Strike
1-2: Ball
2-2: Strikes out swinging
Batting: RHB Javier Deleón 0-0: Fly out, F6 (Line Drive, 6MS)
Batting: RHB Sergio Márquez 0-0: Foul Ball, location: 2F
0-1: Ball
1-1: Ball
2-1: SINGLE (Groundball, 6MD)
Batting: LHB Mike Callahan 0-0: Foul Ball, location: 2F
0-1: Foul Ball, location: 2F
0-2: Ball
1-2: Ground out U3 (Groundball, 3)
Bottom of the 1st over - 0 run(s), 1 hit(s), 0 error(s), 1 left on base; Kalamazoo 0 - Madison 0
TOP OF THE 2ND
Kalamazoo Royale with Cheese batting - Pitching for Madison Bombers : LHP Matt Parker
Batting: RHB Jorge Márquez 0-0: Ball
1-0: Called Strike
1-1: Called Strike
1-2: Ball
2-2: SINGLE (Groundball, 6D)
Batting: RHB Run-ming Zhu 0-0: Ball
1-0: SINGLE (Groundball, 34D)
Jorge Márquez to second
Runner from 2nd tries for 3rd, SAFE, no throw
Batting: LHB Roberto Sandoval 0-0: Called Strike
0-1: Ball
1-1: Fly out, F4 (Popup, 34D)
Batting: LHB António Glaviz 0-0: Called Strike
0-1: Ball
1-1: Foul Ball, location: 2F
1-2: DOUBLE (Line Drive, 9D)
Jorge Márquez scores
Run-ming Zhu to third
Runner from 3rd tries for Home, throw and OUT!
António Glaviz to third
Batting: SHB Bob Noble 0-0: Swinging Strike
0-1: Ball
1-1: Foul Ball, location: 2F
1-2: SINGLE (Line Drive, 78M)
António Glaviz scores
Batting: RHB Pedro Rosado 0-0: Called Strike
0-1: SINGLE (Groundball, 6MD)
Bob Noble to second
Runner from 2nd tries for 3rd, SAFE, throw made to third
Batting: RHB Oliver Lugo 0-0: Ball
1-0: Foul Ball, location: 2F
1-1: Ball
Pedro Rosado steals 2nd base
2-1: SINGLE (Groundball, 5S) (infield hit)
Bob Noble scores
Pedro Rosado to third
Batting: RHB Andy Aiton 0-0: Called Strike
0-1: Fly out, F4 (Popup, 3L)
Top of the 2nd over - 3 run(s), 6 hit(s), 0 error(s), 2 left on base; Kalamazoo 3 - Madison 0
BOTTOM OF THE 2ND
Madison Bombers batting - Pitching for Kalamazoo Royale with Cheese : RHP Jason Taylor
Batting: SHB Jorge Flores 0-0: Ball
1-0: Ball
2-0: SINGLE (Line Drive, 89S)
Batting: LHB John Horton 0-0: Swinging Strike
0-1: Fly out, F8 (Line Drive, 8RM)
Batting: RHB Juan Costello 0-0: Ball
1-0: Foul Ball, location: 2F
1-1: Swinging Strike
1-2: Ball
2-2: Strikes out swinging
Batting: LHB John Latham 0-0: Called Strike
0-1: Ball
1-1: Ball
2-1: Ball
3-1: Foul Ball, location: 2F
3-2: Ground out 4-3 (Groundball, 4)
Bottom of the 2nd over - 0 run(s), 1 hit(s), 0 error(s), 1 left on base; Kalamazoo 3 - Madison 0
TOP OF THE 3RD
Kalamazoo Royale with Cheese batting - Pitching for Madison Bombers : LHP Matt Parker
Batting: LHB Robinson Fernández 0-0: Foul Ball, location: 2F
0-1: Foul Ball, location: 2F
0-2: Foul Ball, location: 2F
0-2: Ball
1-2: Ball
2-2: Strikes out swinging
Batting: RHB Jorge Márquez 0-0: Called Strike
0-1: Ball
1-1: Ball
2-1: Ground out 4-3 (Groundball, 4)
Batting: RHB Run-ming Zhu 0-0: Ball
1-0: Swinging Strike
1-1: Swinging Strike
1-2: SOLO HOME RUN (Line Drive, 7LD), Distance : 365 ft
Batting: LHB Roberto Sandoval 0-0: Ball
1-0: Called Strike
1-1: Ball
2-1: Called Strike
2-2: Foul Ball, location: 2F
2-2: Strikes out swinging, 2-3 out at first.
Top of the 3rd over - 1 run(s), 1 hit(s), 0 error(s), 0 left on base; Kalamazoo 4 - Madison 0
BOTTOM OF THE 3RD
Madison Bombers batting - Pitching for Kalamazoo Royale with Cheese : RHP Jason Taylor
Batting: SHB Martín Medina 0-0: Called Strike
0-1: Called Strike
0-2: Ball
1-2: Strikes out swinging
Batting: SHB Ricardo Arévalo 0-0: Foul Ball, location: 2F
0-1: Foul Ball, location: 2F
0-2: Foul Ball, location: 2F
0-2: Ball
1-2: Ball
2-2: Foul Ball, location: 2F
2-2: DOUBLE (Flyball, 78D)
Batting: RHB Javier Deleón 0-0: Ball
1-0: Fly out, F8 (Flyball, 78S)
Batting: RHB Sergio Márquez 0-0: Ball
1-0: Foul Ball, location: 2F
1-1: Ball
2-1: Swinging Strike
2-2: Ball
3-2: Fly out, F9 (Flyball, 9LS)
Bottom of the 3rd over - 0 run(s), 1 hit(s), 0 error(s), 1 left on base; Kalamazoo 4 - Madison 0
TOP OF THE 4TH
Kalamazoo Royale with Cheese batting - Pitching for Madison Bombers : LHP Matt Parker
Batting: LHB António Glaviz 0-0: Foul Ball, location: 2F
0-1: Fly out, F6 (Line Drive, 6)
Batting: SHB Bob Noble 0-0: Swinging Strike
0-1: SINGLE (Groundball, 56S) (infield hit)
Batting: RHB Pedro Rosado 0-0: Foul Ball, location: 2F
0-1: Ball
1-1: Foul Ball, location: 2F
1-2: Fielders Choice at 2nd, 5-4 (Groundball, 56)
Batting: RHB Oliver Lugo 0-0: Called Strike
0-1: Ball
1-1: Called Strike
Pedro Rosado is caught stealing 2nd base
Top of the 4th over - 0 run(s), 1 hit(s), 0 error(s), 0 left on base; Kalamazoo 4 - Madison 0
BOTTOM OF THE 4TH
Madison Bombers batting - Pitching for Kalamazoo Royale with Cheese : RHP Jason Taylor
Batting: LHB Mike Callahan 0-0: Ball
1-0: Ball
2-0: Called Strike
2-1: Foul Ball, location: 2F
2-2: Strikes out swinging
Batting: SHB Jorge Flores 0-0: Ball
1-0: Swinging Strike
1-1: Ball
2-1: Foul Ball, location: 2F
2-2: Strikes out looking
Batting: LHB John Horton 0-0: Ball
1-0: Called Strike
1-1: Ball
2-1: Ground out 3-1 (Groundball, 34)
Bottom of the 4th over - 0 run(s), 0 hit(s), 0 error(s), 0 left on base; Kalamazoo 4 - Madison 0
TOP OF THE 5TH
Kalamazoo Royale with Cheese batting - Pitching for Madison Bombers : LHP Matt Parker
Batting: RHB Oliver Lugo 0-0: Ball
1-0: Fly out, F7 (Flyball, 78S)
Batting: RHB Andy Aiton 0-0: Ball
1-0: Called Strike
1-1: Ball
2-1: Ball
3-1: Foul Ball, location: 2F
3-2: Fly out, F8 (Flyball, 8LM)
Batting: LHB Robinson Fernández 0-0: Ball
1-0: Ball
2-0: Called Strike
2-1: Foul Ball, location: 2F
2-2: Foul Ball, location: 2F
2-2: Ball
3-2: Ground out 6-3 (Groundball, 6D)
Top of the 5th over - 0 run(s), 0 hit(s), 0 error(s), 0 left on base; Kalamazoo 4 - Madison 0
BOTTOM OF THE 5TH
Madison Bombers batting - Pitching for Kalamazoo Royale with Cheese : RHP Jason Taylor
Batting: RHB Juan Costello 0-0: Ball
1-0: Called Strike
1-1: Swinging Strike
1-2: Strikes out swinging
Batting: LHB John Latham 0-0: Ground out 4-3 (Groundball, 4)
Batting: SHB Martín Medina 0-0: Ground out U3 (Groundball, 34)
Bottom of the 5th over - 0 run(s), 0 hit(s), 0 error(s), 0 left on base; Kalamazoo 4 - Madison 0
TOP OF THE 6TH
Kalamazoo Royale with Cheese batting - Pitching for Madison Bombers : LHP Matt Parker
Batting: RHB Jorge Márquez 0-0: Ball
1-0: Swinging Strike
1-1: Ball
2-1: Foul Ball, location: 2F
2-2: Ball
3-2: Ground out 5-3 (Groundball, 5)
Batting: RHB Run-ming Zhu 0-0: Ball
1-0: Ball
2-0: Ball
3-0: Base on Balls
Batting: LHB Roberto Sandoval 0-0: Called Strike
0-1: Ball
1-1: Ball
2-1: SINGLE (Line Drive, 78M)
Run-ming Zhu to second
Pitching: RHP António Juárez
Batting: LHB António Glaviz 0-0: Ball
1-0: Ball
2-0: Ball
3-0: Swinging Strike
3-1: Swinging Strike
3-2: Strikes out swinging
Batting: SHB Bob Noble 0-0: Fielders Choice at 2nd, 6-4 (Groundball, 6)
Top of the 6th over - 0 run(s), 1 hit(s), 0 error(s), 1 left on base; Kalamazoo 4 - Madison 0
BOTTOM OF THE 6TH
Madison Bombers batting - Pitching for Kalamazoo Royale with Cheese : RHP Jason Taylor
Batting: SHB Ricardo Arévalo 0-0: Ball
1-0: Called Strike
1-1: Ball
2-1: Foul Ball, location: 2F
2-2: Ball
3-2: Base on Balls
Batting: RHB Javier Deleón 0-0: Ball
1-0: Ball
2-0: Ball
3-0: Base on Balls
Ricardo Arévalo to second
Batting: RHB Sergio Márquez 0-0: Called Strike
0-1: Ball
1-1: Foul Ball, location: 2F
1-2: DOUBLE (Line Drive, 7D)
Ricardo Arévalo scores
Javier Deleón to third
Batting: LHB Mike Callahan 0-0: Called Strike
0-1: Ball
1-1: Ball
2-1: DOUBLE (Line Drive, 78XD)
Javier Deleón scores
Sergio Márquez scores
Batting: SHB Jorge Flores 0-0: Called Strike
0-1: Foul Ball, location: 2F
0-2: Strikes out looking
Batting: LHB John Horton 0-0: Called Strike
0-1: Ball
1-1: Ball
2-1: Swinging Strike
2-2: Strikes out looking
Batting: RHB Juan Costello 0-0: Called Strike
0-1: Called Strike
0-2: Ball
1-2: Ball
2-2: Ball
3-2: Foul Ball, location: 2F
3-2: Foul Ball, location: 2F
3-2: Fly out, F6 (Popup, 5D)
Bottom of the 6th over - 3 run(s), 2 hit(s), 0 error(s), 1 left on base; Kalamazoo 4 - Madison 3
TOP OF THE 7TH
Kalamazoo Royale with Cheese batting - Pitching for Madison Bombers : RHP António Juárez
Batting: RHB Pedro Rosado 0-0: Called Strike
0-1: Ball
1-1: Ball
2-1: Ground out 6-3 (Groundball, 6D)
Batting: RHB Oliver Lugo 0-0: Called Strike
0-1: Ball
1-1: Swinging Strike
1-2: Foul Ball, location: 2F
1-2: Ball
2-2: Strikes out swinging
Batting: RHB Andy Aiton 0-0: Called Strike
0-1: SINGLE (Line Drive, 89S)
Pitching: LHP Fred Martin
Batting: LHB Robinson Fernández 0-0: Foul Ball, location: 2F
0-1: Ball
1-1: Ball
2-1: Fielders Choice at 2nd, 6-4 (Groundball, 6)
Top of the 7th over - 0 run(s), 1 hit(s), 0 error(s), 0 left on base; Kalamazoo 4 - Madison 3
BOTTOM OF THE 7TH
Madison Bombers batting - Pitching for Kalamazoo Royale with Cheese : RHP Jason Taylor
Pitching: LHP Morgan McDormand
Batting: LHB John Latham 0-0: Ball
1-0: Ball
2-0: Ball
3-0: Base on Balls
Pitching: RHP Eric Richards
Batting: SHB Martín Medina 0-0: Called Strike
0-1: Ball
1-1: Sac Bunt - play at first, batter OUT! 5-4
John Latham to second
Batting: SHB Ricardo Arévalo 0-0: Called Strike
0-1: Called Strike
0-2: Ball
1-2: Fly out, F8 (Flyball, 8RD)
Runner from 2nd tags up, SAFE at 3rd, no throw
Batting: RHB Javier Deleón 0-0: Ball
1-0: Ball
2-0: Ball
3-0: Called Strike
3-1: Base on Balls
Batting: RHB Sergio Márquez 0-0: Ball
1-0: Foul Ball, location: 2F
1-1: Called Strike
1-2: SINGLE (Line Drive, 7S)
John Latham scores
Javier Deleón to second
Pitching: LHP Carlos Thomas
Batting: LHB Mike Callahan 0-0: Ball
1-0: Called Strike
1-1: Ball
2-1: Ground out 3-1 (Groundball, 34D)
Bottom of the 7th over - 1 run(s), 1 hit(s), 0 error(s), 2 left on base; Kalamazoo 4 - Madison 4
TOP OF THE 8TH
Kalamazoo Royale with Cheese batting - Pitching for Madison Bombers : LHP Fred Martin
Pitching: RHP Ramiro Rivera
Batting: RHB Jorge Márquez 0-0: Ball
1-0: Foul Ball, location: 2F
1-1: Swinging Strike
1-2: Ball
2-2: Strikes out swinging
Batting: RHB Run-ming Zhu 0-0: Ball
1-0: Ball
2-0: Ball
3-0: Called Strike
3-1: Base on Balls
Batting: LHB Roberto Sandoval 0-0: Ball
1-0: Ball
2-0: Called Strike
2-1: Foul Ball, location: 2F
2-2: Ball
3-2: Strikes out looking
Batting: LHB António Glaviz 0-0: Ball
1-0: Called Strike
1-1: Foul Ball, location: 2F
1-2: Strikes out swinging
Top of the 8th over - 0 run(s), 0 hit(s), 0 error(s), 1 left on base; Kalamazoo 4 - Madison 4
BOTTOM OF THE 8TH
Madison Bombers batting - Pitching for Kalamazoo Royale with Cheese : LHP Carlos Thomas
Batting: SHB Jorge Flores 0-0: Ball
1-0: Ball
2-0: SINGLE (Groundball, 4MD)
Pitching: RHP António Ojeda
Batting: LHB John Horton 0-0: Ball
1-0: Swinging Strike
1-1: Ball
2-1: Called Strike
2-2: Ball
3-2: 2-RUN HOME RUN (Flyball, 89XD), Distance : 383 ft
Batting: RHB Juan Costello 0-0: SINGLE (Line Drive, 4MD)
Pitching: LHP Gian-Andrea Nota
Batting: LHB John Latham 0-0: Ball
1-0: Ball
2-0: Bunted foul
2-1: Sac Bunt - play at first, batter OUT! 1-4
Juan Costello to second
Batting: SHB Martín Medina 0-0: Intentional Walk
Pitching: RHP Roberto Ledesma
Batting: SHB Ricardo Arévalo 0-0: Swinging Strike
0-1: Ball
1-1: Foul Ball, location: 2F
1-2: Hit by Pitch
Juan Costello to third
Martín Medina to second
Batting: RHB Javier Deleón 0-0: Fly out, F8 (Flyball, 8RS)
Batting: RHB Sergio Márquez 0-0: Foul Ball, location: 2F
0-1: SINGLE (Flyball, 8RS)
Juan Costello scores
Martín Medina to third
Ricardo Arévalo to second
Runner from 3rd tries for Home, SAFE, no throw
Batting: LHB Mike Callahan 0-0: Foul Ball, location: 2F
0-1: Called Strike
0-2: Ball
1-2: Ball
2-2: Ball
3-2: Strikes out swinging
Bottom of the 8th over - 4 run(s), 4 hit(s), 0 error(s), 2 left on base; Kalamazoo 4 - Madison 8
TOP OF THE 9TH
Kalamazoo Royale with Cheese batting - Pitching for Madison Bombers : RHP Ramiro Rivera
Batting: SHB Bob Noble 0-0: Ground out U3 (Groundball, 3)
Batting: RHB Pedro Rosado 0-0: Called Strike
0-1: Ball
1-1: Ball
2-1: Fly out, F8 (Flyball, 8LM)
Batting: RHB Oliver Lugo 0-0: Called Strike
0-1: Ball
1-1: Swinging Strike
1-2: Ball
2-2: Ball
3-2: Reached on error, E5 (Groundball, 5S)
Pitching: RHP Cipriano Montáñez
Batting: RHB Andy Aiton 0-0: Ball
1-0: Fielders Choice at 2nd, 4-6 (Groundball, 4)
Top of the 9th over - 0 run(s), 0 hit(s), 1 error(s), 0 left on base; Kalamazoo 4 - Madison 8
Thursday, March 30th, 2017 - OOTP Baseball 17.12 Build 75